 Seeded DCSS version 0.26-a0-649-gf8c6c3aab7 (webtiles) character file.

Game seed: 2520501247412517471 (custom seed)

123 flotson the Thaumaturge (level 5, -1/40 HPs)
             Began as a Gnoll Wanderer on Sept 26, 2020.
             Slain by an orc
             ... wielding a +0 war axe
              (4 damage)
             ... on level 3 of the Dungeon.
             The game lasted 00:03:05 (1481 turns).

flotson the Thaumaturge (Gnoll Wanderer)            Turns: 1481, Time: 00:03:05

Health: -1/40      AC:  5    Str: 17    XL:     5   Next: 7%
Magic:  18/18      EV: 11    Int: 12    God:
Gold:   120        SH:  0    Dex: 15    Spells: 26/26 levels left

rFire    . . .     SeeInvis .   a - +2 dagger
rCold    . . .     Faith    .   (no shield)
rNeg     . . .     Spirit   .   u - +0 ring mail
rPois    .         Reflect  .   s - +0 hat
rElec    .         Harm     .   (no cloak)
rCorr    .         Rampage  .   (no gloves)
MR       .....                  (no boots)
Stlth    +.........             (no amulet)
HPRegen  0.13/turn              (no ring)
MPRegen  0.16/turn              (no ring)

@: no status effects
A: distributed training, fangs 1, strong nose
a: no special abilities


You were on level 3 of the Dungeon.
You visited 1 branch of the dungeon, and saw 3 of its levels.

You collected 120 gold pieces.

Inventory:

Hand Weapons
 a - a +2 dagger (weapon)
 b - a +0 hand crossbow
Missiles
 c - 10 curare-tipped darts (quivered)
 d - 8 bolts
Armour
 s - a +0 hat (worn)
 u - a +0 ring mail (worn)
Jewellery
 m - a cursed ring of teleportation {unknown}
 p - an uncursed amulet of guardian spirit
Wands
 e - a wand of random effects (15)
Scrolls
 i - a scroll of remove curse {unknown}
 j - a scroll of fear {unknown}
 l - a scroll of teleportation {unknown}
 n - a scroll of fog {unknown}
 o - 2 scrolls of enchant armour {unknown}
 r - 2 scrolls of identify {unknown}
 t - a scroll of enchant weapon {unknown}
Potions
 f - a potion of mutation {unknown}
 g - a potion of haste {unknown}
 h - a potion of lignification {unknown}
 k - a potion of degeneration {unknown}
 q - 3 potions of stabbing {unknown}
 v - 2 potions of might {unknown}


   Skills:
 + Level 2.9 Fighting
 + Level 1.3 Short Blades
 + Level 1.3 Long Blades
 + Level 1.3 Axes
 + Level 1.3 Maces & Flails
 + Level 1.3 Polearms
 + Level 1.3 Staves
 + Level 1.3 Slings
 + Level 1.3 Bows
 + Level 4.7 Crossbows
 + Level 2.9 Throwing
 + Level 1.3 Armour
 + Level 1.3 Dodging
 + Level 1.3 Stealth
 + Level 1.3 Shields
 + Level 1.3 Unarmed Combat
 + Level 11.2 Spellcasting
 + Level 1.1 Conjurations
 + Level 1.1 Hexes
 + Level 1.1 Summonings
 + Level 1.1 Necromancy
 + Level 1.1 Translocations
 + Level 1.1 Transmutations
 + Level 1.1 Fire Magic
 + Level 1.1 Ice Magic
 + Level 1.1 Air Magic
 + Level 1.1 Earth Magic
 + Level 1.1 Poison Magic
 + Level 1.5 Invocations
 + Level 2.9 Evocations


You had 26 spell levels left.
You didn't know any spells.
Your spell library was empty.

Dungeon Overview and Level Annotations

Branches:
Dungeon (3/15)

Altars:


Innate Abilities, Weirdness & Mutations

Your experience applies equally to all skills.
You have very sharp teeth.
Your uncanny sense of smell can sniff out nearby items.


Message History

Found a scroll labeled QEACHU ZIT MAI.
Items here: )) [ †.
You hit the orc priest but do no damage.
The orc priest closely misses you. The orc hits you with a +0 war axe.
You hit the orc priest but do no damage.
The orc hits you but does no damage.
The orc priest invokes the aid of Beogh against you.
Beogh smites you! The orc hits you with a +0 war axe!
* * * LOW HITPOINT WARNING * * *
You are too injured to fight recklessly!
You are too injured to fight recklessly!
You are too injured to fight recklessly!
You are too injured to fight recklessly!
You are too injured to fight recklessly!
You are too injured to fight recklessly!
You are too injured to fight recklessly!
You closely miss the orc priest. The orc hits you with a +0 trident.
* * * LOW HITPOINT WARNING * * *
The orc priest barely misses you. The orc hits you with a +0 war axe.
You die...

#..#. #.##. ### #.
##.##. #.. #.##.....
####.. ######.....##.
#....? #....##.......
.#..... #....##..#.#.#
......o####........#.#.#
#....o@..............)#
#....o####......#......
#..... #.........####
#..... #....##....###
#..... #....#####....
###### #....# #####
#....# ######


You could see an orc priest and 2 orcs.

Vanquished Creatures
  5 adders
  An ooze (D:3)
  3 worms (D:2)
  2 orcs (D:3)
  5 giant cockroaches
  10 hobgoblins
  7 jackals (D:1)
  3 quokkas
  A ball python (D:1)
  7 bats
  3 frilled lizards
  3 goblins
  5 kobolds
  6 rats
61 creatures vanquished.

Notes
Turn   | Place    | Note
-------+----------+-------------------------------------------
     0 | D:1      | Reached skill level 11 in Spellcasting
     0 | D:1      | flotson the Gnoll Wanderer began the quest for the Orb.
     0 | D:1      | flotson set off with the following items: a +2 dagger, 3
                  | curare-tipped darts, a +0 hand crossbow, 22 bolts, a wand
                  | of random effects (15), a +0 robe
     0 | D:1      | Reached XP level 1. HP: 17/17 MP: 12/12
    82 | D:1      | Reached XP level 2. HP: 23/23 MP: 14/14
   416 | D:1      | Reached XP level 3. HP: 28/28 MP: 15/15
   566 | D:2      | Reached skill level 1 in Invocations
   602 | D:2      | Reached skill level 1 in Short Blades
   602 | D:2      | Reached skill level 1 in Long Blades
   602 | D:2      | Reached skill level 1 in Axes
   602 | D:2      | Reached skill level 1 in Maces & Flails
   602 | D:2      | Reached skill level 1 in Polearms
   602 | D:2      | Reached skill level 1 in Staves
   602 | D:2      | Reached skill level 1 in Slings
   602 | D:2      | Reached skill level 1 in Bows
   602 | D:2      | Reached skill level 1 in Armour
   602 | D:2      | Reached skill level 1 in Dodging
   602 | D:2      | Reached skill level 1 in Stealth
   602 | D:2      | Reached skill level 1 in Shields
   602 | D:2      | Reached skill level 1 in Unarmed Combat
   621 | D:2      | Reached XP level 4. HP: 34/34 MP: 17/17
   689 | D:2      | Found a faded altar of an unknown god.
  1173 | D:3      | Reached skill level 1 in Conjurations
  1173 | D:3      | Reached skill level 1 in Hexes
  1173 | D:3      | Reached skill level 1 in Summonings
  1173 | D:3      | Reached skill level 1 in Necromancy
  1173 | D:3      | Reached skill level 1 in Translocations
  1173 | D:3      | Reached skill level 1 in Transmutations
  1173 | D:3      | Reached skill level 1 in Fire Magic
  1173 | D:3      | Reached skill level 1 in Ice Magic
  1173 | D:3      | Reached skill level 1 in Air Magic
  1173 | D:3      | Reached skill level 1 in Earth Magic
  1173 | D:3      | Reached skill level 1 in Poison Magic
  1400 | D:3      | Reached XP level 5. HP: 40/40 MP: 18/18
  1481 | D:3      | Slain by an orc

Illustrated notes

Levels and vault maps discovered:
D:1:      dpeg_arrival_shrine, layout_rooms
D:2:      layout_rooms, chequers_ecumenical_altar_island
D:3:      layout_rooms, serial_glass, glass_columns_a, glass_columns_c

Skill      XL: |  1  2  3  4 |
---------------+-------------+-----
Spellcasting   | | 11.2
Invocations    | 1 |  1.5
Short Blades   | 1 |  1.3
Long Blades    | 1 |  1.3
Axes           | 1 |  1.3
Maces & Flails | 1 |  1.3
Polearms       | 1 |  1.3
Staves         | 1 |  1.3
Slings         | 1 |  1.3
Bows           | 1 |  1.3
Armour         | 1 |  1.3
Dodging        | 1 |  1.3
Stealth        | 1 |  1.3
Shields        | 1 |  1.3
Unarmed Combat | 1 |  1.3
Conjurations   | 1 |  1.1
Hexes          | 1 |  1.1
Summonings     | 1 |  1.1
Necromancy     | 1 |  1.1
Translocations | 1 |  1.1
Transmutations | 1 |  1.1
Fire Magic     | 1 |  1.1
Ice Magic      | 1 |  1.1
Air Magic      | 1 |  1.1
Earth Magic    | 1 |  1.1
Poison Magic   | 1 |  1.1
Fighting       | |  2.9
Crossbows      | |  4.7
Throwing       | |  2.9
Evocations     | |  2.9

Action                   |  1- 3 |  4- 6 || total
-------------------------+-------+-------++-------
Melee: Dagger            |       |    79 ||    79
       Bite              |       |     8 ||     8
 Fire: Hand crossbow     |    61 |    28 ||    89
 Stab: Sleeping          |       |     1 ||     1
Armor: Leather armour    |     1 |     2 ||     3
       Ring mail         |       |    34 ||    34
Dodge: Dodged            |     6 |    51 ||    57

Table legend: (Time is in decaauts)
 A = Elapsed time spent in this place.
 B = Non-inter-level travel time spent in this place.
 C = Inter-level travel time spent in this place.
 D = Time resting spent in this place.
 E = Time spent auto-exploring this place.
 F = Levels seen in this place.
 G = Mean time per level.
                   A        B        C        D        E       F      G
               +--------+--------+--------+--------+--------+-----+--------+
         Total |   1502 |   1478 |     24 |      3 |   1045 |   3 |  500.7 |
       Dungeon |   1502 |   1478 |     24 |      3 |   1045 |   3 |  500.7 |
               +--------+--------+--------+--------+--------+-----+--------+

Top non-repeatable levels by time:
     D:2: 646 daAuts
     D:1: 509 daAuts
     D:3: 346 daAuts
